 Dungeon Crawl Stone Soup version 0.32-a0-931-g5a2cda0630 (webtiles) character file.

Game seed: 10948608252482038160

1094 Pooter the Cleaver (level 8, -2/106 HPs)
             Began as a Minotaur Berserker on Apr 12, 2024.
             Was a Believer of Trog.
             Slain by a two-headed ogre
             ... wielding a +0 giant club
              (8 damage)
             ... on level 6 of the Dungeon.
             The game lasted 00:19:01 (5412 turns).

Pooter the Cleaver (Minotaur Berserker)             Turns: 5412, Time: 00:19:01

Health: -2/106     AC: 13    Str: 23    XL:     8   Next: 9%
Magic:  7/7        EV:  6    Int:  4    God:    Trog [**....]
Gold:   25         SH:  5    Dex: 11    Spells: 7/7 levels left

rFire   . . .        a - +0 war axe
rCold   + . .        (no shield)
rNeg    . . .        m - +0 plate armour
rPois   +            (helmet restricted)
rElec   .            z - +0 cloak {Will+}
rCorr   .            (no gloves)
SInv    .            d - +0 pair of boots
Will    +....        C - amulet of reflection Stlth
                     E - ring of poison resistance
HPRegen 0.37/turn    o - ring of protection from cold
MPRegen 0.10/turn

%: reflection
@: berserking, very quick
A: horns 2, retaliatory headbutt
a: Renounce Religion, Berserk, Trog's Hand


You were on level 6 of the Dungeon.
You worshipped Trog.
Trog was pleased with you.
You visited 1 branch of the dungeon, and saw 6 of its levels.

You collected 337 gold pieces.
You spent 312 gold pieces at shops.

Inventory:

Hand Weapons
 a - a +0 war axe (weapon)
   (You took it off an orc on level 3 of the Dungeon)
 b - a +0 sling
   (You found it on level 2 of the Dungeon)
 u - a +4 flail
   (You took it off an orc on level 3 of the Dungeon)
 A - a +3 quarterstaff of chaos
   (You took it off Crazy Yiuf on level 4 of the Dungeon)
Missiles
 h - 9 poisoned darts
 i - 4 boomerangs (quivered)
 p - 9 stones
 v - 5 datura-tipped darts
 F - 6 curare-tipped darts {!f}
Armour
 d - a +0 pair of boots (worn)
   (You found it on level 1 of the Dungeon)
 m - a +0 plate armour (worn)
   (You found it on level 2 of the Dungeon)
 z - a +0 cloak of willpower (worn)
   (You took it off Crazy Yiuf on level 4 of the Dungeon)
Jewellery
 o - a ring of protection from cold (right hand)
   (You found it on level 4 of the Dungeon)
 C - an amulet of reflection (around neck)
   (You found it on level 6 of the Dungeon)
 E - a ring of poison resistance (left hand)
   (You bought it in a shop on level 6 of the Dungeon)
 R - a ring of resist corrosion
   (You found it on level 1 of the Dungeon)
Wands
 y - a wand of mindburst (17)
   (You took it off a hobgoblin on level 3 of the Dungeon)
Scrolls
 c - 4 scrolls of teleportation {@r4}
 g - a scroll of fog
 k - a scroll of fear
 l - 2 scrolls of blinking {unknown}
 s - 2 scrolls of immolation {!r}
 x - a scroll of summoning
 B - a scroll of enchant armour {unknown}
 D - a scroll of poison {!r}
Potions
 e - a potion of berserk rage {unknown}
 f - 3 potions of haste {@q3}
 j - 4 potions of enlightenment
 n - 2 potions of curing {unknown}
 q - a potion of attraction {unknown}
 r - 3 potions of might
 t - a potion of heal wounds {unknown}
 w - a potion of mutation {unknown}


   Skills:
 + Level 6.3 Fighting
 * Level 8.4 Axes
 * Level 5.9 Ranged Weapons
 - Level 2.4 Armour
 - Level 2.1 Dodging


You had 7 spell levels left.
You didn't know any spells.
Your spell library was empty.

Dungeon Overview and Level Annotations

Branches:
Dungeon (6/15)             Temple (0/1) D:5

Altars:
Ashenzari
Fedhas
Qazlal
Zin
The Shining One

Shops:
D:6 *


Innate Abilities, Weirdness & Mutations

You have a pair of horns on your head.
You reflexively headbutt those who attack you in melee.


Message History

There are monsters nearby!
Found a pair of translucent boots and a long sword.
You hit the adder. The adder bites you but does no damage.
The adder misses you. You furiously retaliate!
You headbutt the adder. You completely miss the adder.
The adder barely misses you.
You barely miss the adder. Your headbutt misses the adder.
The adder bites you but does no damage. You block the adder's attack.
You slash the adder!
You kill the adder!
Trog accepts your kill.
A two-headed ogre is nearby!
A white imp comes into view.
The white imp shouts, "Relinquish hope, thou vain fob-snatching boar-pig!"
You hear a shout!
You closely miss the white imp.
An orc comes into view. It is wielding a +0 flail.
The white imp barely misses you.
You closely miss the white imp.
The white imp hits you but does no damage.
You slash the white imp!
You kill the white imp!
Trog accepts your kill.
You hit the orc. The orc hits you but does no damage.
You hit the orc.
You kill the orc!
Trog accepts your kill.
You see here a +0 flail.
Okay, then.
You hit the two-headed ogre.
You headbutt the two-headed ogre, but do no damage.
The two-headed ogre hits you but does no damage. x2
You hit the two-headed ogre. You headbutt the two-headed ogre.
The two-headed ogre hits you with a +0 giant club! x2
You barely miss the two-headed ogre. You closely miss the two-headed ogre.
The two-headed ogre closely misses you.
The two-headed ogre hits you with a +0 giant club.
You slash the two-headed ogre! You headbutt the two-headed ogre!
The two-headed ogre hits you but does no damage.
The two-headed ogre hits you with a +0 giant club.
You hit the two-headed ogre. You closely miss the two-headed ogre.
The two-headed ogre hits you with a +0 giant club.
The two-headed ogre hits you with a +0 giant club!
* * * LOW HITPOINT WARNING * * *
A red film seems to cover your vision as you go berserk!
You feel yourself moving faster!
You feel mighty!
The two-headed ogre hits you with a +0 giant club!!
* * * LOW HITPOINT WARNING * * *
The two-headed ogre hits you with a +0 giant club!
You die...

.# #.#.ßß.###.)..###%#......
.########.#.ßß.#..####.##.#......
..........#....†..# #.##.#####.#
################### #.##.. .#
............##....####.#### #
#########.#.#.####....##
#...#.######### # #####.##..##O[#
. #.##@O##$)# # ##..##..### .
#..# .# #. #### ### #.# ####### #
#.. #########.....# #####.#..
#.......#.###.# #........
###.....#.#.# #.# #<.. #.
.....##.#.#.###.#########.######.


You could see a two-headed ogre.

Vanquished Creatures
  2 water moccasins (D:6)
  A black bear (D:5)
  An ice beast (D:5)
  An ogre (D:6)
  2 scorpions (D:6)
  2 hounds (D:5)
  A jelly (D:5)
  Crazy Yiuf (D:4)
  A sleepcap (D:4)
  4 iguanas
  2 orc wizards
  7 adders
  A white imp (D:6)
  2 ufetubi (D:5)
  3 dart slugs
  5 ribbon worms
  18 orcs
  2 bats (D:3)
  5 endoplasms
  3 giant cockroaches
  4 goblins
  7 hobgoblins
  7 jackals
  A quokka (D:3)
  4 ball pythons
  4 frilled lizards
  3 kobolds
  3 rats
97 creatures vanquished.

Notes
Turn   | Place    | Note
-------+----------+-------------------------------------------
     0 | D:1      | Pooter the Minotaur Berserker began the quest for the Orb.
     0 | D:1      | Reached XP level 1. HP: 19/19 MP: 0/0
     0 | D:1      | magus.rc [v1.11.6]
    10 | D:1      | Found a faded altar of an unknown god.
    21 | D:1      | Reached skill level 4 in Axes
    97 | D:1      | Reached XP level 2. HP: 26/27 MP: 1/1
   842 | D:2      | Found a stormy altar of Qazlal.
   967 | D:2      | Reached XP level 3. HP: 33/33 MP: 2/2
  1257 | D:2      | Reached ** piety under Trog
  1477 | D:2      | Reached skill level 5 in Axes
  1874 | D:3      | Reached XP level 4. HP: 29/41 MP: 3/3
  1875 | D:3      | Reached skill level 1 in Ranged Weapons
  2725 | D:4      | Reached XP level 5. HP: 47/47 MP: 4/4
  3204 | D:4      | Found a runed translucent door.
  3205 | D:4      | Noticed Crazy Yiuf
  3401 | D:4      | Killed Crazy Yiuf
  3402 | D:4      | Reached skill level 5 in Fighting
  3402 | D:4      | Reached skill level 6 in Axes
  3506 | D:5      | Entered Level 5 of the Dungeon
  3538 | D:5      | Noticed an ice beast
  3546 | D:5      | Killed an ice beast
  3547 | D:5      | Reached XP level 6. HP: 56/56 MP: 5/5
  3866 | D:5      | Found a staircase to the Ecumenical Temple.
  3948 | D:5      | Reached skill level 7 in Axes
  3963 | D:5      | Reached XP level 7. HP: 59/61 MP: 6/6
  3995 | D:5      | Found a glowing golden altar of the Shining One.
  4625 | D:6      | Found a broken altar of Ashenzari.
  4655 | D:6      | Reached skill level 5 in Ranged Weapons
  4780 | D:6      | Reached skill level 8 in Axes
  4987 | D:6      | Found a blossoming altar of Fedhas.
  5196 | D:6      | Found a glowing silver altar of Zin.
  5237 | D:6      | Found Daenun's Serpentskin Sales.
  5244 | D:6      | Reached XP level 8. HP: 67/70 MP: 7/7
  5254 | D:6      | Bought a scroll of poison for 40 gold pieces
  5254 | D:6      | Bought a ring of poison resistance for 200 gold pieces
  5254 | D:6      | Bought 4 curare-tipped darts for 48 gold pieces
  5254 | D:6      | Bought 2 curare-tipped darts for 24 gold pieces
  5381 | D:6      | Noticed a two-headed ogre
  5412 | D:6      | Slain by a two-headed ogre

Illustrated notes

Levels and vault maps discovered:
D:1:      saegor_arrival_miasma, layout_loops_ring,
          hellmonk_ecumenical_altar_dog_temple
D:2:      wander_river, layout_loops_corners, basic_altar, solitary_fountain
D:3:      layout_basic
D:4:      layout_loops_ring, uniq_crazy_yiuf_cottage
D:5:      layout_rooms, nicolae_tso_swordbearing_angel,
          minmay_temple_entry_waves, serial_rivers,
          chequers_serial_rivers_small_b, chequers_serial_rivers_micro_e,
          chequers_serial_rivers_room_a, chequers_serial_rivers_marsh,
          chequers_serial_rivers_micro_d, chequers_serial_rivers_large_a
D:6:      minmay_chambers_of_fours, layout_basic,
          chequers_temple_overflow_statue_of_worship,
          nicolae_ashenzari_panopticon, corexii_corridor_pit,
          guppyfry_shop_venom, uniq_edmund

Skill      XL: |  1  2  3  4  5  6  7 |
---------------+----------------------+-----
Axes           | 4 5 6 7 8 |  8.4
Fighting       | 4 5 6 |  6.3
Ranged Weapons | 2 3 4 5 |  5.9
Armour         | |  2.4
Dodging        | |  2.1

Action                     |  1- 3 |  4- 6 |  7- 9 || total
---------------------------+-------+-------+-------++-------
  Melee: Hand axe          |   114 |     2 |       ||   116
         Headbutt          |    14 |    10 |     8 ||    32
         War axe           |       |    73 |    71 ||   144
   Fire: Sling             |    13 |    33 |    13 ||    59
  Throw: Boomerang         |       |     2 |       ||     2
 Invoke: Berserk           |     1 |     4 |     1 ||     6
         Trog's Hand       |       |     3 |     2 ||     5
    Use: Scroll            |     3 |     6 |       ||     9
 Armour: Animal skin       |    37 |       |       ||    37
         Plate armour      |    66 |    69 |    70 ||   205
  Dodge: Dodged            |    58 |    33 |    23 ||   114
  Block: Other             |       |       |     4 ||     4

Table legend: (Time is in decaauts)
 A = Elapsed time spent in this place.
 B = Non-inter-level travel time spent in this place.
 C = Inter-level travel time spent in this place.
 D = Time resting spent in this place.
 E = Time spent auto-exploring this place.
 F = Levels seen in this place.
 G = Mean time per level.
                   A        B        C        D        E       F      G
               +--------+--------+--------+--------+--------+-----+--------+
         Total |   5540 |   5344 |    196 |    789 |   3699 |   6 |  923.3 |
       Dungeon |   5540 |   5344 |    196 |    789 |   3699 |   6 |  923.3 |
               +--------+--------+--------+--------+--------+-----+--------+

Top non-repeatable levels by time:
     D:4: 1107 daAuts
     D:6: 1052 daAuts
     D:2: 916 daAuts
     D:5: 901 daAuts
     D:3: 781 daAuts
     D:1: 780 daAuts
